 Dungeon Crawl Stone Soup version 0.19-a0-27-g415f530 (webtiles) character file.

8 Duffy the Skirmisher (level 2, 24/24 HPs)
             Began as a Demonspawn Fighter on May 2, 2016.
             Quit the game on level 1 of the Dungeon.
             The game lasted 00:00:16 (116 turns).

Duffy the Skirmisher (Demonspawn Fighter)            Turns: 116, Time: 00:00:17

Health: 24/24      AC:  6    Str: 16    XL:     2   Next: 0%
Magic:  2/2        EV:  6    Int:  9    God:
Gold:   9          SH:  8    Dex: 12    Spells: 0 memorised, 1 level left

rFire  . . .     SeeInvis .     a - +0 war axe
rCold  . . .     Gourm    .     b - +0 scale mail
rNeg   . . .     Faith    .     c - +0 shield
rPois  .         Spirit   .     (no helmet)
rElec  .         Dismiss  .     (no cloak)
rCorr  .         Reflect  .     (no gloves)
SustAt .         Harm     .     (no boots)
MR     .....                    (no amulet)
Stlth  ..........               (no ring)
                                (no ring)

@: not resistant to hostile enchantments, extremely unstealthy
A: demonic guardian 1
a: no special abilities


You were on level 1 of the Dungeon.
You were not hungry.

You visited 1 branch of the dungeon, and saw 1 of its levels.

You collected 9 gold pieces.


Innate Abilities, Weirdness & Mutations

A weak demonic guardian rushes to your aid.


   Skills:
 - Level 3.0 Fighting
 + Level 2.4 Axes
 - Level 2.6 Armour
 - Level 2.6 Shields


You had one spell level left.
You didn't know any spells.

Inventory:

Hand Weapons
 a - a +0 war axe (weapon)
Armour
 b - a +0 scale mail (worn)
 c - a +0 shield (worn)
Scrolls
 e - a scroll of immolation {unknown}
 h - a scroll of teleportation {unknown}
Potions
 d - a potion of might
 g - a potion of haste {unknown}
Comestibles
 f - a bread ration

Dungeon Overview and Level Annotations

Branches:
Dungeon (1/15)

Altars:


Message History

No target in view!
No target in view!
No target in view!
A hobgoblin comes into view. It is wielding a club.
The hobgoblin shouts!
You see here a scroll labeled WINTIE DOHAMOA.
Found 13 gold pieces.
The hobgoblin closely misses you.
You slash the hobgoblin!
You kill the hobgoblin!
No target in view!
No target in view!
No target in view!
No target in view!
No target in view!
No target in view!
No target in view!
No target in view!
No target in view!
No target in view!
No target in view!
g - a lumpy coppery potion
h - a scroll labeled WINTIE DOHAMOA A hobgoblin comes into view.
It is wielding a club.
The hobgoblin shouts!
A hobgoblin is nearby!
You barely miss the hobgoblin.
The hobgoblin hits you but does no damage.
A kobold comes into view. It is wielding a dagger.
You closely miss the hobgoblin.
The hobgoblin hits you but does no damage. x2
You hit the hobgoblin.
The hobgoblin is almost dead.
The hobgoblin hits you but does no damage.
Your shield and scale mail prevent you from hitting the hobgoblin.
The hobgoblin is almost dead.
You block the hobgoblin's attack.
You hit the hobgoblin.
You kill the hobgoblin!
You closely miss the kobold. The kobold hits you but does no damage.
You closely miss the kobold. You block the kobold's attack.
The kobold hits you but does no damage.
You hit the kobold.
You kill the kobold!
You have reached level 2!
Your demonic ancestry asserts itself...
You feel the presence of a demonic guardian.
Things that are here:
a dagger; a club; a kobold corpse Are you sure you want to abandon this character and quit the game? (Confirm with "yes".)

....... .......###
.....# #......#..
#.#..## #........ .
##.....###......### ..
..................$ ...
...........)....# ....
#.#########.....###.....
#.# #................#
#.# ##........@.......
#.# ##.......###...##
#.# ##...##..... .# #.##
##..###..#.. P.P## #..#
..# ...P## #..# ...#
....P## #..# .....
.~...P#####..# .....
~~~.........##


There were no monsters in sight!

Action                   || total
-------------------------++-------
Melee: War axe           ||    14
Armor: Scale mail        ||     5
Dodge: Dodged            ||     3
Block: Shield            ||     5

Notes
Turn   | Place    | Note
--------------------------------------------------------------
     0 | D:1      | Duffy the Demonspawn Fighter began the quest for the Orb.
     0 | D:1      | Reached XP level 1. HP: 18/18 MP: 1/1
    34 | D:1      | Reached skill level 2 in Axes
   114 | D:1      | Gained mutation: A weak demonic guardian rushes to your aid. [demonic ancestry]
   114 | D:1      | Reached XP level 2. HP: 24/24 MP: 2/2
   116 | D:1      | Quit the game

Skill      XL: |  1 |
---------------+----+-----
Axes           | 2 |  2.4
Fighting       | |  3.0
Armour         | |  2.6
Shields        | |  2.6

Vault maps used:
D:1:      co_arrival_hexagon_in_a_hexagon

Vanquished Creatures
  A giant gecko
  A giant cockroach
  A goblin
  2 hobgoblins
  A kobold
6 creatures vanquished.
